 Dungeon Crawl Stone Soup version 0.24-a0-278-gefa1973 (webtiles) character file.

Game seed: 7483151855379365413

60 CanOfBees the Gusty (level 4, 0/25 HPs)
             Began as a Tengu Air Elementalist on Apr 30, 2019.
             Killed by their own static electricity (2 damage)
             ... on level 2 of the Dungeon.
             The game lasted 00:03:59 (1828 turns).

CanOfBees the Gusty (Tengu Air Elementalist)        Turns: 1828, Time: 00:04:00

Health: 0/25       AC:  2    Str: 12    XL:     4   Next: 4%
Magic:  2/8        EV: 13    Int: 15    God:
Gold:   16         SH:  0    Dex: 15    Spells: 2/8 levels left

rFire    . . .     SeeInvis .   e - +0 dagger
rCold    . . .     Gourm    .   (no shield)
rNeg     . . .     Faith    .   a - +0 robe
rPois    .         Spirit   .   (helmet restricted)
rElec    .         Reflect  .   (no cloak)
rCorr    .         Harm     .   (no gloves)
MR       .....                  (boots unavailable)
Stlth    ++........             (no amulet)
HPRegen  0.08/turn              i - +3 ring of strength
MPRegen  0.11/turn              (no ring)

@: no status effects
A: beak, talons 3
a: no special abilities


You were on level 2 of the Dungeon.
You were not hungry.

You visited 1 branch of the dungeon, and saw 2 of its levels.

You collected 16 gold pieces.

Inventory:

Hand Weapons
 e - a +0 dagger (weapon)
Missiles
 f - 7 needles of sleeping
 h - 41 stones (quivered)
Armour
 a - a +0 robe (worn)
Jewellery
 i - a +3 ring of strength (left hand)
Scrolls
 g - a scroll of identify {unknown}
 j - a scroll of remove curse {unknown}
 k - a scroll of amnesia {unknown}
Potions
 b - a potion of degeneration {unknown}
Comestibles
 c - 2 rations
 d - 3 chunks of flesh


   Skills:
 + Level 1.4 Fighting
 - Level 2.1 Dodging
 - Level 2.0 Stealth
 + Level 2.5 Spellcasting
 + Level 2.7 Conjurations
 + Level 4.7 Air Magic


You had 2 spell levels left.
You knew the following spells:

 Your Spells              Type           Power        Failure   Level  Hunger
a - Shock                 Conj/Air       ##..         4%          1    #......
b - Swiftness             Chrm/Air       #.......     12%         2    ###....
c - Static Discharge      Conj/Air       ##......     14%         3    ###....

Your spell library contained the following spells:

 Spells                   Type           Power        Failure   Level  Hunger
 Airstrike                Air            ###.......   30%         4    #####..
 Lightning Bolt           Conj/Air       ##........   77%         5    ######.


Dungeon Overview and Level Annotations

Branches:
Dungeon (2/15)

Altars:


Innate Abilities, Weirdness & Mutations

You have a beak for a mouth.
You have claws for feet.


Message History

The gnoll is moderately wounded.
Casting: Shock (safe; 4% risk of failure)
Confirm with . or Enter, or press ? or * to list all spells.
Aiming: Shock (safe; 4% risk of failure)
Press: ? - help, Shift-Dir - straight line, f/p - gnoll
Aim: a gnoll, wielding a +0 spear (moderately wounded)
The zap hits the gnoll.
The gnoll is heavily wounded.
The gnoll hits you from afar with a +0 spear.
The gnoll hits you with a +0 spear!
Ouch! That really hurt!
* * * LOW HITPOINT WARNING * * *
Casting: Shock (safe; 4% risk of failure)
Confirm with . or Enter, or press ? or * to list all spells.
The gnoll is struck by an arc of lightning!
You kill the gnoll!
You have reached level 4!
You feel agile.
You are struck by an arc of lightning.
You die...

#.#....##.######.# # #
#.##.##.# #.# # ##.#.#.## ##+##
# #.###...## ##...## #
#......## ##.....## ####
######.## ##.......## ##.##
######<).####.........####....
............)'.........'.......
#######...####@........####....
##.## ##)......## #..#. #.#
##.....## #.##. ..# ##...##
#.... #### ##'## ####. #.# #.
########.# #. #....g...# #.
#.#####...# #.


There were no monsters in sight!

Vanquished Creatures
  2 gnolls (D:2)
  A dart slug (D:2)
  A leopard gecko (D:1)
  2 bats (D:1)
  8 goblins
  6 hobgoblins
  3 jackals (D:1)
  5 kobolds (D:1)
  A frilled lizard (D:2)
  7 rats
36 creatures vanquished.

Notes
Turn   | Place    | Note
-------+----------+-------------------------------------------
     0 | D:1      | CanOfBees the Tengu Air Elementalist began the quest for
                  | the Orb.
     0 | D:1      | Reached XP level 1. HP: 10/10 MP: 4/4
   266 | D:1      | Reached XP level 2. HP: 12/16 MP: 3/6
   446 | D:1      | Learned a level 2 spell: Swiftness
   760 | D:1      | Reached skill level 1 in Fighting
   814 | D:1      | Reached XP level 3. HP: 20/20 MP: 5/7
  1511 | D:2      | Learned a level 3 spell: Static Discharge
  1827 | D:2      | HP: 1/20 [gnoll/+0 spear (13)]
  1828 | D:2      | Reached XP level 4. HP: 2/25 MP: 2/8
  1828 | D:2      | Killed from afar by themself

Levels and vault maps discovered:
D:1:      lightli_arrival_noodles, layout_rooms
D:2:      layout_loops_corners

Skill      XL: |  1  2 |
---------------+-------+-----
Conjurations   | 2 |  2.7
Fighting       | 1 |  1.4
Dodging        | |  2.1
Stealth        | |  2.0
Spellcasting   | |  2.5
Air Magic      | |  4.7

Action                   |  1- 3 |  4- 6 || total
-------------------------+-------+-------++-------
Melee: Dagger            |    26 |       ||    26
       Kick              |     6 |       ||     6
       Peck              |     4 |       ||     4
       Unarmed           |     1 |       ||     1
 Cast: Shock             |    55 |       ||    55
       Static Discharge  |     2 |       ||     2
 Stab: Sleeping          |     1 |       ||     1
  Eat: Chunk             |     4 |       ||     4
Armor: Robe              |     8 |       ||     8
Dodge: Dodged            |    41 |       ||    41

Table legend:
 A = Non-vault XP
 B = Vault XP
 C = Vault XP percentage of total XP
 D = Non-vault monster count
 E = Vault monster count
 F = Vault count percentage of total count
                 A         B        C        D         E       F
            +---------+---------+-------+---------+---------+-------
      Total |      86 |       0 |   0.0 |      36 |       0 |   0.0
            +---------+---------+-------+---------+---------+-------
        D:1 |      47 |       0 |   0.0 |      29 |       0 |   0.0
        D:2 |      39 |       0 |   0.0 |       7 |       0 |   0.0
            +---------+---------+-------+---------+---------+-------
